 Dungeon Crawl Stone Soup version 0.23.0 (webtiles) character file.

Game seed: 317084674547325239

412 Borgoz the Ruffian (level 6, -3/47 (52) HPs)
             Began as a Ghoul Monk on Feb 17, 2019.
             Was a Believer of Dithmenos.
             Killed by divine providence
             ... invoked by an orc priest
              (13 damage)
             ... on level 5 of the Dungeon.
             The game lasted 00:07:43 (4075 turns).

Borgoz the Ruffian (Ghoul Monk)                     Turns: 4075, Time: 00:07:44

HP:   -3/47 (52)    AC:  3    Str: 15    XL:     6   Next: 90%
MP:   5/5           EV: 13    Int:  7    God:    Dithmenos [**....]
Gold: 242           SH:  0    Dex: 11    Spells: 5/5 levels left

rFire    . . .     SeeInvis +     - Unarmed
rCold    + . .     Gourm    .   (no shield)
rNeg     + + +     Faith    .   j - +0 leather armour
rPois    ∞         Spirit   .   (no helmet)
rElec    .         Reflect  .   (no cloak)
rCorr    .         Harm     .   (no gloves)
MR       .....                  (no boots)
Stlth    ++........             (no amulet)
HPRegen  0.00/turn              i - ring of see invisible
MPRegen  0.09/turn              (no ring)

@: rotting, wreathed by umbra
A: rotting body, claws 1, carnivore, cold resistance 1, negative energy
resistance 3, inhibited regeneration, torment resistance, unbreathing
a: Shadow Step, Renounce Religion


You were on level 5 of the Dungeon.
You worshipped Dithmenos.
Dithmenos was pleased with you.
You were not hungry.

You visited 1 branch of the dungeon, and saw 5 of its levels.

You collected 242 gold pieces.

Inventory:

Armour
 j - a +0 leather armour (worn)
Jewellery
 a - a +4 ring of strength {unknown}
 i - a ring of see invisible (left claw)
Wands
 g - a wand of scattershot (5)
 o - a wand of paralysis (5)
Scrolls
 c - 3 scrolls of identify
 e - a scroll of magic mapping {unknown}
 f - 2 scrolls of enchant armour
 h - 2 scrolls of fog {unknown}
 k - a scroll of teleportation {unknown}
 n - 4 scrolls of fear {unknown}
 p - a scroll of amnesia {unknown}
 q - 3 scrolls of random uselessness {unknown}
 r - a scroll of enchant weapon {unknown}
Potions
 d - a potion of haste
 l - a potion of berserk rage {unknown}
 m - a potion of might
 s - a potion of brilliance {unknown}
Comestibles
 b - 9 rations


   Skills:
 + Level 4.2 Fighting
 + Level 2.0 Armour
 * Level 4.2 Dodging
 + Level 3.7 Stealth
 * Level 5.3 Unarmed Combat


You had 5 spell levels left.
You didn't know any spells.
Your spell library was empty.

Dungeon Overview and Level Annotations

Branches:
Dungeon (5/15)
 Temple: D:4-7

Altars:
Dithmenos
Wu Jian
Xom


Innate Abilities, Weirdness & Mutations

Your body is rotting away.
You thrive on raw meat.
You are immune to poison.
You have sharp fingernails.
You are carnivorous and can eat meat at any time.
Your flesh is cold resistant. (rC+)
You are immune to negative energy. (rN+++)
You do not regenerate when monsters are visible.
You are immune to unholy pain and torment.
You can survive without breathing.


Message History

The orc wizard hits you with a +0 dagger.
The orc wizard points at you and mumbles some strange words.
You resist with some effort.
The orc wizard mumbles some strange words.
The orc wizard seems to speed up.
You closely miss the orc priest. The orc priest hits you with a +0 mace.
You scratch the orc priest.
The orc priest is moderately wounded.
The orc priest calls down the wrath of Beogh upon you.
Beogh smites you!
You are too injured to fight recklessly!
The orc priest invokes the aid of Beogh against you.
Beogh smites you!
* * * LOW HITPOINT WARNING * * *
The orc priest looks encouraged for a moment.
The orc priest casts a cantrip, but nothing happens.
The orc priest begins to cast a cantrip, but forgets the words!
The orc priest calls down the wrath of Beogh upon you.
Beogh smites you!
You die...

#...o...####......#
#.# ##.###..# ##.
#o# #..# ..... #..
#.# #<## #.##. #.#
#o# #.# .. #.# #.#
#.# #.. #.# #o#
###.# #.###.###....#
####....@....####
#.......<....##
#####............##
....................
#######...........##
#..........##
#.#...#...##
#.######### #.#


You could see 2 orc priests and an orc wizard.

Vanquished Creatures
  A phantom (D:4)
  A bullfrog zombie (D:4)
  2 hounds (D:4)
  An iguana (D:3)
  A worker ant (D:4)
  4 gnolls (D:4)
  A worker ant zombie (D:5)
  A howler monkey skeleton (D:4)
  4 adders
  A shadow imp (D:4)
  2 dart slugs
  A leopard gecko (D:2)
  An orc (D:4)
  6 giant cockroaches
  8 goblins
  7 hobgoblins
  4 jackals
  10 kobolds
  3 quokkas
  2 bats
  7 frilled lizards
  7 rats
  A plant (D:1)
76 creatures vanquished.

Notes
Turn   | Place    | Note
-------+----------+-------------------------------------------
     0 | D:1      | Borgoz the Ghoul Monk began the quest for the Orb.
     0 | D:1      | Reached XP level 1. HP: 19/19 MP: 0/0
   140 | D:1      | Reached XP level 2. HP: 10/26 MP: 1/1
   635 | D:2      | Reached XP level 3. HP: 31/31 MP: 2/2
   716 | D:2      | Found a shimmering altar of Xom.
   716 | D:2      | Found a shimmering altar of Xom.
   716 | D:2      | Found a shimmering altar of Xom.
   716 | D:2      | Found a shimmering altar of Xom.
   717 | D:2      | Found a shimmering altar of Xom.
   718 | D:2      | Found a shimmering altar of Xom.
   718 | D:2      | Found a shimmering altar of Xom.
   719 | D:2      | Found a shimmering altar of Xom.
   811 | D:2      | Reached skill level 4 in Unarmed Combat
   897 | D:2      | Reached XP level 4. HP: 25/38 MP: 3/3
  1209 | D:2      | Found an ornate altar of the Wu Jian Council.
  1361 | D:2      | Reached skill level 1 in Armour
  2469 | D:4      | Reached XP level 5. HP: 16/46 MP: 4/4
  2778 | D:5      | Entered Level 5 of the Dungeon
  3142 | D:4      | Reached XP level 6. HP: 32/51 MP: 5/5
  3306 | D:4      | Reached skill level 5 in Unarmed Combat
  3685 | D:4      | Found a shadowy altar of Dithmenos.
  3685 | D:4      | Noticed a phantom
  3703 | D:4      | Killed a phantom
  3709 | D:4      | Became a worshipper of Dithmenos the Shadowed
  3709 | D:4      | Reached * piety under Dithmenos
  3709 | D:4      | Reached ** piety under Dithmenos
  4075 | D:5      | Killed from afar by an orc priest

Skill      XL: |  1  2  3  4  5  6 |
---------------+-------------------+-----
Dodging        | 3 4 |  4.2
Unarmed Combat | 4 5 |  5.3
Armour         | 1 2 |  2.0
Stealth        | 3 |  3.7
Fighting       | 4 |  4.2

Action                   |  1- 3 |  4- 6 || total
-------------------------+-------+-------++-------
Melee: Unarmed           |   120 |   210 ||   330
       Punch             |     2 |     2 ||     4
  Use: Scroll            |     1 |     3 ||     4
       Potion            |       |     5 ||     5
 Stab: Sleeping          |     6 |     4 ||    10
  Eat: Chunk             |     9 |    18 ||    27
Armor: Robe              |     7 |       ||     7
       Leather armour    |     4 |    36 ||    40
Dodge: Dodged            |    47 |   137 ||   184
